Map: Dusk Towers

Players

MythiC - Winner!

  • Race: Terran Terran
  • League: Grandmaster

Tropic

  • Race: Protoss Protoss
  • League: Grandmaster

VOD

Have the link to the VOD?

Description

Time

  • Played on: Jan. 7, 2016, 1:14 p.m.
  • Length: 13:08
Show
View Real Time Build Order
Export as new Build Order

MythiC Terran - Winner!

Build Orders: Liberator Opening, Reaper Expand, Bio Tank 

Get SALT Encoding   

  12  0:01  SCV  
  13  0:13  SCV  
  14  0:17  Supply Depot  
  14  0:25  SCV  
  15  0:39  SCV  
  15  0:41  Barracks  
  16  0:44  Refinery  
  16  0:51  SCV  
  17  1:03  SCV  
  18  1:15  SCV  
  19  1:28  Orbital Command  
  19  1:29  Reaper  
  20  1:40  Command Center  
  20  1:52  Supply Depot  
  20  1:54  SCV  
  21  2:06  SCV  
  22  2:12  Barracks Reactor  
  22  2:14  Refinery  
  22  2:18  SCV  
  22  2:22  Factory  
  23  2:29  Bunker  
  23  2:30  SCV  
  24  2:42  SCV  
  25  2:50  Marine x2  
  27  2:52  Orbital Command  
  27  2:54  SCV  
  28  3:06  SCV  
  28  3:07  Factory Tech Lab, Starport  
  28  3:12  Marine x2  
  31  3:18  SCV  
  31  3:20  SCV  
  32  3:28  Cyclone  
  32  3:29  Marine  
  32  3:30  Marine  
  32  3:31  SCV  
  32  3:32  SCV  
  39  3:36  Supply Depot  
  39  3:39  Liberator  
  38  3:43  SCV  
  38  3:44  SCV  
  38  3:47  Marine x2  
  41  3:55  SCV  
  42  3:56  SCV  
  46  4:05  Supply Depot  
  46  4:07  SCV, Marine x2  
  46  4:09  SCV  
  50  4:13  Siege Tank  
  53  4:19  SCV  
  53  4:20  Supply Depot  
  53  4:24  Liberator  
  54  4:26  SCV  
  54  4:29  Marine x2  
  57  4:31  SCV  
  58  4:39  SCV  
  58  4:41  Command Center  
  58  4:43  SCV  
  63  4:49  Marine x2  
  65  4:54  Refinery, SCV  
  65  4:55  Refinery  
  65  4:56  Supply Depot  
  66  5:04  Siege Tank  
  66  5:05  SCV  
  70  5:14  Barracks  
  70  5:16  Barracks  
  70  5:18  SCV  
  70  5:19  Liberator, SCV  
  71  5:23  Marine x2  
  70  5:30  SCV  
  70  5:31  SCV  
  70  5:32  Engineering Bay x2  
  69  5:42  SCV  
  73  5:43  SCV, Marine x2  
  76  5:54  Orbital Command, SCV  
  76  5:55  SCV  
  78  6:00  Siege Tank  
  78  6:03  Barracks Tech Lab  
  81  6:04  Barracks Tech Lab  
  81  6:06  SCV  
  81  6:07  Supply Depot, SCV  
  81  6:09  Marine  
  81  6:10  Marine  
  85  6:18  SCV  
  85  6:22  Missile Turret x2  
  85  6:23  Orbital Command  
  85  6:25  Marauder x2  
  87  6:26  Stimpack  
  87  6:27  Terran Infantry Weapons Level 1  
  87  6:31  SCV, Marine x2  
  90  6:36  Siege Tank  
  90  6:37  Starport Reactor  
  90  6:39  SCV  
  94  6:43  SCV  
  95  6:48  SCV  
  95  6:51  SCV  
  94  6:55  SCV, Marine  
  94  6:56  Combat Shields, Marine  
  97  7:02  Bunker  
  97  7:03  SCV  
  97  7:05  SCV  
  99  7:10  Supply Depot  
  99  7:15  Marauder  
  101  7:16  Terran Infantry Armor Level 1  
  101  7:17  Supply Depot x2  
  101  7:18  Supply Depot  
  101  7:26  Refinery  
  101  7:29  Barracks  
  101  7:30  Barracks  
  101  7:31  Marine x2, Armory  
  101  7:32  Marauder, SCV x3  
  108  7:39  Siege Tank, Marauder, Medivac  
  108  7:42  Medivac  
  108  7:44  SCV  
  118  7:46  SCV  
  118  7:48  Supply Depot  
  118  7:51  Marine x2  
  121  7:56  Starport  
  121  7:57  Marauder  
  123  8:00  Marine  
  123  8:03  SCV  
  123  8:04  SCV x2  
  127  8:08  Marine  
  128  8:16  Supply Depot  
  128  8:17  SCV x3  
  133  8:20  Refinery, Barracks Reactor x2  
  133  8:24  Marauder x2  
  133  8:25  Barracks Tech Lab  
  133  8:27  Siege Tank  
  138  8:29  Medivac  
  138  8:32  Marine  
  141  8:36  Starport Reactor  
  141  8:38  Supply Depot, SCV x2, Marine  
  141  8:39  Supply Depot, SCV  
  145  8:47  Marauder x2, Command Center  
  149  8:52  Concussive Shells  
  149  8:56  Liberator  
  149  8:59  Marine x2  
  149  9:00  Marauder, Medivac  
  149  9:01  Terran Infantry Weapons Level 2  
  155  9:04  Marine x2  
  155  9:09  Marauder  
  159  9:13  Marauder  
  164  9:17  Marine  
  164  9:21  Marine  
  165  9:26  Marine  
  165  9:42  Liberator x3  
  165  9:45  Marine  
  165  9:52  Marauder, Marine  
  165  9:57  Marauder, Marine x2  
  165  9:59  Marine  
  175  10:03  Marine  
  175  10:05  Siege Tank  
  179  10:10  Liberator  
  179  10:13  Marauder, Marine  
  172  10:14  Terran Infantry Armor Level 2  
  172  10:15  Marine x2  
  172  10:16  Marine  
  172  10:18  Marauder  
  172  10:21  Marine  
  178  10:24  Liberator  
  178  10:26  Liberator  
  179  10:31  Marine  
  179  10:33  Supply Depot x2, Marine x2  
  179  10:34  Marauder, Marine  
  177  10:37  Liberator, Missile Turret  
  179  10:48  Missile Turret  
  180  10:54  Marine x5  
  180  10:55  Siege Tank, Marauder x2  
  195  11:04  Terran Ship Weapons Level 1  
  195  11:12  Marine  
  195  11:16  Marine  
  196  11:22  Liberator x2  
  196  11:29  Liberator x2, Marine x3  
  196  11:30  Marine  
  196  11:31  Marauder x2  
  186  11:34  Marine  
  140  11:47  Marine x2  
  140  11:48  Marauder, Marine  
  140  11:52  Marauder, Marine x2  
  137  12:02  Planetary Fortress  
  137  12:05  Marine x2  
  137  12:06  Marine  
  137  12:09  Marauder, Barracks x2  
  137  12:10  Marauder, Barracks, Marine  
  137  12:14  Marauder  
  141  12:17  Siege Tank  
  141  12:22  Marine x2  
  140  12:23  Medivac x2, Marine  
  140  12:28  Marine  
  145  12:30  Marauder  
  145  12:32  Marauder  
  145  12:34  Marine  
  146  12:40  Marine x2  
  146  12:41  Marine  
  146  12:45  Marine  
Show
View Real Time Build Order
Export as new Build Order

Tropic Protoss 

Build Orders: 1 Gate Expand, Oracle Opening 

Get SALT Encoding   

  12  0:01  Probe (Chrono Boost)  
  13  0:11  Probe (Chrono Boost)  
  14  0:17  Pylon  
  14  0:22  Probe (Chrono Boost)  
  15  0:36  Gateway, Probe (Chrono Boost)  
  16  0:46  Probe (Chrono Boost)  
  16  0:47  Assimilator  
  17  1:14  Nexus  
  17  1:25  Cybernetics Core  
  17  1:29  Probe (Chrono Boost)  
  18  1:34  Assimilator  
  18  1:39  Probe (Chrono Boost)  
  19  1:46  Pylon  
  19  1:50  Probe (Chrono Boost)  
  20  2:02  Mothership Core (Chrono Boost)  
  20  2:06  Pylon  
  22  2:10  Warp Gate  
  22  2:15  Adept (Chrono Boost)  
  23  2:21  Probe  
  24  2:25  Probe  
  25  2:33  Probe  
  25  2:36  Probe  
  26  2:39  Adept (Chrono Boost)  
  29  2:45  Probe  
  29  2:51  Stargate  
  30  2:54  Probe  
  30  2:57  Probe  
  32  3:04  Adept (Chrono Boost)  
  34  3:05  Probe  
  35  3:16  Probe  
  36  3:20  Pylon  
  36  3:22  Probe  
  37  3:28  Adept (Chrono Boost)  
  37  3:31  Probe  
  37  3:33  Probe  
  41  3:46  Probe  
  41  3:47  Oracle (Chrono Boost)  
  41  3:48  Probe  
  44  3:53  Twilight Council  
  45  4:01  Pylon  
  45  4:02  Probe, Assimilator  
  46  4:06  Probe, Assimilator  
  47  4:14  Probe  
  47  4:17  Probe  
  48  4:19  Oracle (Chrono Boost)  
  52  4:24  Adept  
  52  4:26  Probe  
  52  4:27  Probe  
  52  4:29  Resonating Glaives (Chrono Boost)  
  56  4:42  Robotics Facility, Probe (Chrono Boost)  
  56  4:43  Probe (Chrono Boost)  
  58  4:47  Pylon  
  58  4:53  Probe (Chrono Boost)  
  58  4:55  Probe (Chrono Boost)  
  58  4:58  Forge  
  60  5:01  Sentry  
  60  5:04  Probe  
  60  5:06  Pylon  
  63  5:11  Probe  
  63  5:14  Pylon  
  64  5:18  Probe  
  63  5:34  Stalker  
  61  5:38  Phoenix (Chrono Boost)  
  57  5:43  Probe  
  57  5:44  Immortal (Chrono Boost)  
  57  5:45  Protoss Ground Weapons Level 1 (Chrono Boost)  
  57  5:48  Gateway x2  
  61  5:50  Probe  
  62  5:57  Probe  
  62  6:03  Probe  
  64  6:10  Stalker  
  65  6:16  Probe  
  66  6:27  Immortal (Chrono Boost)  
  66  6:30  Probe  
  66  6:32  Probe  
  72  6:35  Pylon  
  72  6:42  Probe  
  72  6:46  Nexus  
  73  6:57  Probe  
  73  6:59  Adept x3  
  80  7:10  Pylon  
  80  7:11  Probe  
  80  7:13  Pylon  
  81  7:15  Templar Archives  
  81  7:27  Blink (Chrono Boost)  
  81  7:30  Probe x2  
  81  7:33  Protoss Ground Weapons Level 2 (Chrono Boost)  
  81  7:35  Gateway x2  
  83  7:39  Gateway  
  83  7:42  Probe x2  
  85  7:54  Probe x2  
  85  7:55  Psionic Storm  
  87  7:58  Forge  
  87  8:02  Probe  
  87  8:03  Pylon  
  88  8:06  Probe, High Templar x2  
  88  8:07  High Templar  
  88  8:10  Probe  
  96  8:13  Probe  
  96  8:18  Probe  
  98  8:22  Probe  
  98  8:26  Immortal  
  99  8:28  Probe  
  99  8:31  Protoss Ground Armor Level 1 (Chrono Boost)  
  99  8:32  Assimilator  
  104  8:34  Pylon  
  104  8:35  Probe  
  104  8:36  Probe  
  104  8:37  Assimilator  
  106  8:42  Probe  
  106  8:47  Adept x3  
  113  8:52  High Templar  
  113  8:53  High Templar  
  113  8:54  Probe  
  118  8:56  Probe  
  118  9:00  Probe  
  120  9:07  Probe  
  121  9:13  Stalker x4  
  129  9:26  Stalker x2  
  133  9:31  Charge  
  133  9:36  Adept x2  
  133  9:37  Adept x2  
  141  9:40  Pylon  
  141  9:42  Pylon  
  141  9:50  Pylon, Probe  
  139  9:56  Pylon, Stalker x2  
  139  10:03  Stalker x2  
  139  10:05  Probe  
  142  10:09  Pylon  
  138  10:15  Probe  
  138  10:20  Zealot  
  138  10:21  Zealot, Adept x2  
  142  10:27  Probe  
  143  10:32  Nexus  
  143  10:33  High Templar  
  143  10:34  High Templar  
  141  10:50  Pylon, Stalker x4  
  141  10:52  Pylon  
  149  11:02  Probe  
  150  11:07  Gateway  
  150  11:09  Gateway  
  150  11:14  Gateway  
  150  11:22  Adept x2  
  150  11:23  Adept x4  
  98  11:45  Stalker x2  
  98  11:46  Stalker x4  
  92  12:13  Adept x5  
  92  12:14  Adept x3  
  106  12:25  Stalker  
  94  12:38  Stalker x2  
  94  12:39  Stalker x4  
  94  12:43  High Templar x2  
  100  12:56  Adept  
  97  12:59  Archon  
Tags
 
Add a new tag
Caveats
  • Supply blocks, unpowered buildings, or Contaminate may cause inaccurate times.
  • Supply counts are checked every 10 seconds.